 Dungeon Crawl Stone Soup version 0.19.5 (webtiles) character file.

4979 Inarius the Cleaver (level 10, 0/77 HPs)
             Began as a Minotaur Fighter on Apr 10, 2017.
             Was an Initiate of Hepliaklqana.
             Slain by a queen bee (12 damage)
             ... on level 8 of the Dungeon.
             The game lasted 00:46:57 (8135 turns).

Inarius the Cleaver (Minotaur Fighter)              Turns: 8135, Time: 00:46:57

Health: 0/77       AC: 19    Str: 25      XL:     10   Next: 29%
Magic:  10/10      EV:  6    Int:  5      God:    Hepliaklqana [......]
Gold:   386        SH: 18    Dex: 11 (12) Spells: 0 memorised, 9 levels left

rFire  x . .     SeeInvis .     a - +1 war axe
rCold  + . .     Gourm    .     o - +1 plate armour
rNeg   . . .     Faith    +     d - +1 large shield
rPois  +         Spirit   .     (helmet restricted)
rElec  .         Reflect  .     (no cloak)
rCorr  .         Harm     .     F - +2 pair of gloves
MR     +....     Rnd*Tele +     G - +0 pair of boots
Stlth  ..........               y - amulet of faith
                                K - ring "Gyloyre" {*Tele MR+ Dex+3 Slay-4}
                                l - ring of ice

@: lethally poisoned (0 -> -10), about to teleport
A: retaliatory headbutt, reduced essence, horns 2, clumsy 1, high mp 1, poison
resistance, strong 1, no device heal 1, subdued magic 1, sturdy frame 2
a: Recall Ancestor, Ancestor Identity, Renounce Religion


You were on level 8 of the Dungeon.
You worshipped Hepliaklqana.
Hepliaklqana was noncommittal.
You were not hungry.

You visited 2 branches of the dungeon, and saw 9 of its levels.

You collected 386 gold pieces.

Inventory:

Hand Weapons
 a - a +1 war axe (weapon)
Missiles
 C - 5 tomahawks (quivered)
Armour
 d - a +1 large shield (worn)
 o - a +1 plate armour (worn)
 F - a +2 pair of gloves (worn)
 G - a +0 pair of boots (worn)
Jewellery
 l - a ring of ice (left hand)
 y - an amulet of faith (around neck)
 H - an uncursed amulet of the gourmand
 J - an uncursed ring of positive energy
 K - the ring "Gyloyre" (right hand) {*Tele MR+ Dex+3 Slay-4}
   (You found it on level 7 of the Dungeon)

   [ring of teleportation]

   It may teleport you next to monsters.
   It affects your dexterity (+3).
   It affects your accuracy and damage with ranged weapons and melee attacks
   (-4).
   It affects your resistance to hostile enchantments.
Wands
 p - a wand of teleportation (0/9)
 L - a wand of digging (4/24)
 M - a wand of lightning (12/15)
Scrolls
 b - a scroll of magic mapping {unknown}
 g - 5 scrolls of teleportation
 h - 2 scrolls of fog {unknown}
 i - 2 scrolls of blinking {unknown}
 j - 4 scrolls of identify
 n - 2 scrolls of immolation {unknown}
 r - a scroll of fear {unknown}
 s - 2 scrolls of remove curse
 t - a scroll of enchant weapon
 v - a scroll of amnesia {unknown}
 w - 2 scrolls of recharging
 x - a scroll of silence {unknown}
Potions
 e - a potion of curing
 z - a potion of cure mutation {unknown}
 A - a potion of beneficial mutation {unknown}
 B - a potion of brilliance
 E - 2 potions of flight
 I - a potion of lignification {unknown}
Comestibles
 c - a royal jelly
 f - 9 bread rations
 k - 3 beef jerkies
 q - 11 fruits
 u - a slice of pizza
 D - 3 meat rations


   Skills:
 + Level 7.4 Fighting
 + Level 11.6 Axes
 + Level 3.4 Throwing
 + Level 7.9 Armour
 + Level 1.8 Dodging
 + Level 1.6 Stealth
 + Level 9.3 Shields


You had 9 spell levels left.
You didn't know any spells.

Dungeon Overview and Level Annotations

Branches:
Dungeon (8/15)             Temple (1/1) D:7            Lair (0/6) D:8

Altars:
Ashenzari
Cheibriados
Dithmenos
Gozag
Hepliaklqana
Kikubaaqudgha
Nemelex Xobeh
Ru
Sif Muna
Trog
Vehumet
Yredelemnul
Zin
The Shining One

Shops:
D:4 }

Annotations:
D:3 Sigmund


Innate Abilities, Weirdness & Mutations

You reflexively headbutt those who attack you in melee.
You have a pair of horns on your head.
Your life essence is reduced. (-10% HP)
You are clumsy. (Dex -2)
You have an increased reservoir of magic. (+10% MP)
Your system is resistant to poisons. (rPois)
Your muscles are strong. (Str +2)
Potions and wands are less effective at restoring your health.
Your spells are a little easier to cast, but a little less powerful.
Your movements are less encumbered by armour. (ER -4)


Message History

You block the killer bee's attack. x2; The killer bee barely misses you.
The queen bee stings you.
* * * LOW HITPOINT WARNING * * *
You are poisoned.
The queen bee poisons you! The killer bee stings you!
* * * LOW HITPOINT WARNING * * *
The killer bee closely misses you. You furiously retaliate!
You headbutt the killer bee.
A killer bee comes into view.
The killer bee buzzes angrily.
You slash the killer bee!
You kill the killer bee!
Your shield prevents you from hitting the killer bee.
You barely miss the queen bee. You miss the killer bee.
You feel sick.
You hear two shouts!
You hear an angry buzzing noise.
You block the killer bee's attack. x2; The killer bee moves out of view.
You block the killer bee's attack.
The killer bee stings you but does no damage.
The queen bee stings you!
You die...

#..# #.. ...#
#......### #..##
#######.###.#..###
#...# #..........##..#
....###.########..#.##
. .....##.# #.#...# %#
#....... #.#..#.# %#
#...### #y#..## y#
..[## #y#yy.# .# #..#
#@yy..#.# ####
#....#y.....# #
#####............ #
#.........#.### #
#.#..####.# .. #
......# .# ## #
###.##.# .# # #. #.#
.# # # #.


You could see a queen bee and 6 killer bees.

Vanquished Creatures
  Pikel (D:6)
  The ghost of Inarius the Covered, a novice MiFi of Ashenzari (D:5)
  A troll (D:5)
  A yak (D:8)
  An ice beast (D:8)
  An orc warrior (D:6)
  A phantom (D:7)
  2 sky beasts
  A black bear (D:6)
  2 necrophages
  4 ogres
  3 centaurs (D:6)
  4 bullfrogs
  4 scorpions
  11 killer bees
  3 howler monkeys
  A bullfrog zombie (D:7)
  A crimson imp (D:6)
  A centaur zombie (D:8)
  3 hounds
  4 orc wizards
  A bullfrog skeleton (D:4)
  A gnoll shaman (D:5)
  6 orc priests
  A jelly (D:8)
  3 iguanas
  Natasha (thrice) (D:2)
  5 worker ants
  A hound zombie (D:6)
  6 gnolls (D:5)
  4 adders
  2 shadow imps (D:8)
  A white imp (D:8)
  An ufetubus (D:8)
  3 oozes
  4 worms
  4 dart slugs
  A leopard gecko (D:1)
  13 orcs
  2 ball pythons
  9 giant cockroaches
  5 goblins
  4 hobgoblins
  13 jackals
  3 quokkas
  6 bats
  5 frilled lizards
  6 kobolds
  11 rats
175 creatures vanquished.

Vanquished Creatures (collateral kills)
  2 hungry ghosts (D:8)
  3 killer bees (D:8)
  A crimson imp (D:8)
  A quasit (D:8)
  A worker ant (D:8)
  A white imp (D:8)
  A giant cockroach (D:8)
10 creatures vanquished.

Vanquished Creatures (others)
  A necrophage (D:6)
  A slave (D:6)
  An orc priest (D:6)
  An ancestor (D:8)
  A worm (D:6)
  An orc (D:6)
6 creatures vanquished.

Grand Total: 191 creatures vanquished

Notes
Turn   | Place    | Note
-------+----------+-------------------------------------------
     0 | D:1      | Inarius the Minotaur Fighter began the quest for the Orb.
     0 | D:1      | Reached XP level 1. HP: 19/19 MP: 0/0
   127 | D:1      | Reached XP level 2. HP: 27/27 MP: 1/1
   343 | D:1      | Reached skill level 3 in Axes
   456 | D:1      | Reached XP level 3. HP: 33/33 MP: 2/2
   593 | D:2      | Noticed Natasha
   608 | D:2      | Killed Natasha
   755 | D:2      | Noticed Natasha
   764 | D:2      | Killed Natasha
   764 | D:2      | Reached XP level 4. HP: 26/40 MP: 3/3
   865 | D:2      | Noticed Natasha
  1050 | D:2      | Reached skill level 4 in Axes
  1585 | D:2      | Killed Natasha
  1585 | D:2      | Reached XP level 5. HP: 10/46 MP: 4/4
  2525 | D:3      | Noticed Sigmund
  2569 | D:2      | Reached skill level 5 in Axes
  3307 | D:4      | Reached XP level 6. HP: 46/53 MP: 5/5
  3438 | D:4      | Reached skill level 5 in Armour
  3438 | D:4      | Reached skill level 5 in Shields
  3684 | D:4      | Reached skill level 6 in Axes
  3693 | D:4      | Reached XP level 7. HP: 52/60 MP: 6/6
  3729 | D:4      | Gained mutation: Your muscles are strong. (Str +2) [potion of mutation]
  3729 | D:4      | Gained mutation: Your spells are a little easier to cast, but a little less powerful. [potion of mutation]
  3729 | D:4      | Gained mutation: Potions and wands are less effective at restoring your health. [potion of mutation]
  3733 | D:4      | Gained mutation: You are clumsy. (Dex -2) [potion of mutation]
  3733 | D:4      | Gained mutation: You have sharp toenails. [potion of mutation]
  3733 | D:4      | Gained mutation: You possess an exceptional clarity of mind. [potion of mutation]
  3734 | D:4      | Lost mutation: You possess an exceptional clarity of mind. [potion of mutation]
  3912 | D:4      | Found Reneazul's Gadget Shoppe.
  4332 | D:5      | Entered Level 5 of the Dungeon
  4336 | D:5      | Reached skill level 7 in Axes
  4464 | D:5      | Noticed Inarius's ghost (novice MiFi)
  4486 | D:5      | Killed Inarius's ghost
  4486 | D:5      | Reached skill level 5 in Fighting
  4486 | D:5      | Reached skill level 8 in Axes
  4486 | D:5      | Reached skill level 1 in Throwing
  4486 | D:5      | Reached XP level 8. HP: 51/68 MP: 7/7
  4699 | D:5      | Gained mutation: Your system is resistant to poisons. (rPois) [mutagenic meat]
  4700 | D:5      | Gained mutation: You have an increased reservoir of magic. (+10% MP) [mutagenic meat]
  4701 | D:5      | Gained mutation: Your body sometimes deteriorates upon taking damage. [mutagenic meat]
  4909 | D:5      | Found a radiant altar of Vehumet.
  4991 | D:5      | Noticed a troll
  5001 | D:5      | Killed a troll
  5001 | D:5      | Reached skill level 9 in Axes
  5001 | D:5      | Reached skill level 1 in Dodging
  5494 | D:6      | Noticed Pikel
  5513 | D:6      | Killed Pikel
  5513 | D:6      | Reached skill level 10 in Axes
  5513 | D:6      | Reached XP level 9. HP: 54/75 MP: 8/8
  5654 | D:6      | Reached skill level 1 in Stealth
  5679 | D:6      | Got a bloodstained scale mail
  5682 | D:6      | Identified the +5 scale mail of Marbles {MR+ MP+9 Stlth+} (You found it on level 6 of the Dungeon)
  5734 | D:6      | Found a deep blue altar of Sif Muna.
  6625 | D:7      | Found an opulent altar of Gozag.
  6712 | D:7      | Reached skill level 11 in Axes
  6729 | D:7      | Lost mutation: You have sharp toenails. [mutagenic meat]
  6731 | D:7      | Gained mutation: Your movements are slightly less encumbered by armour. (ER -2) [mutagenic meat]
  6732 | D:7      | Gained mutation: Your movements are less encumbered by armour. (ER -4) [mutagenic meat]
  6733 | D:7      | Lost mutation: Your body sometimes deteriorates upon taking damage. [mutagenic meat]
  6739 | D:7      | Got a wavering copper ring
  6741 | D:7      | Identified the ring "Gyloyre" {*Tele MR+ Dex+3 Slay-4} (You found it on level 7 of the Dungeon)
  7230 | D:7      | Found a staircase to the Ecumenical Temple.
  7239 | Temple   | Entered the Ecumenical Temple
  7269 | Temple   | Became a worshipper of Hepliaklqana the Forgotten
  7297 | D:7      | Found a snail-covered altar of Cheibriados.
  7302 | D:7      | Found a deep blue altar of Sif Muna.
  7303 | D:7      | Found a basalt altar of Yredelemnul.
  7458 | D:8      | Found a staircase to the Lair.
  7467 | D:8      | Reached XP level 10. HP: 42/77 MP: 10/10
  7855 | D:8      | Found a sparkling altar of Nemelex Xobeh.
  8135 | D:8      | Slain by a queen bee

Skill      XL: |  1  2  3  4  5  6  7  8  9 10 |
---------------+-------------------------------+-----
Axes           | 3 4 5 6 8 10 11 | 11.6
Armour         | 4 5 7 |  7.9
Fighting       | 4 5 6 7 |  7.4
Shields        | 4 5 6 7 8 9 |  9.3
Throwing       | 1 2 3 |  3.4
Dodging        | 1 |  1.8
Stealth        | 1 |  1.6

Action                   |  1- 3 |  4- 6 |  7- 9 | 10-12 || total
-------------------------+-------+-------+-------+-------++-------
Melee: War axe           |    65 |   203 |   343 |   104 ||   715
       Headbutt          |    10 |    37 |    49 |    18 ||   114
       Kick              |       |       |    11 |       ||    11
Throw: Tomahawk          |       |       |    31 |     9 ||    40
Invok: Ancestor Identity |       |       |     2 |       ||     2
  Use: Potion            |       |     1 |     6 |     1 ||     8
       Scroll            |       |       |    14 |     1 ||    15
 Stab: Distracted        |       |       |       |     3 ||     3
  Eat: Chunk             |       |     8 |    19 |     5 ||    32
       Pizza             |       |     1 |     2 |       ||     3
Armor: Scale mail        |    25 |     3 |       |       ||    28
       Plate armour      |       |   127 |   156 |    70 ||   353
Dodge: Dodged            |    18 |    18 |    87 |    21 ||   144
Block: Shield            |    36 |   106 |   184 |       ||   326
       Large shield      |       |       |    33 |   154 ||   187
